 Dungeon Crawl Stone Soup version 0.24.1-14-gf8d2b509d9 (webtiles) character file.

Game seed: 12025200855110974022, levelgen mode: deterministic

135 Descartes the Magician (level 4, -3/21 HPs)
             Began as a Spriggan Wizard on May 23, 2020.
             Killed by nerve-wracking pain
             ... invoked by an orc priest
              (13 damage)
             ... on level 3 of the Dungeon.
             The game lasted 00:11:32 (4063 turns).

Descartes the Magician (Spriggan Wizard)            Turns: 4063, Time: 00:11:32

Health: -3/21      AC:  2    Str:  3    XL:     4   Next: 97%
Magic:  6/12       EV: 19    Int: 20    God:
Gold:   117        SH:  0    Dex: 14    Spells: 12/13 levels left

rFire    . . .     SeeInvis +   p - +1 dagger (elec)
rCold    . . .     Gourm    .   (shield restricted)
rNeg     . . .     Faith    .   a - +0 robe
rPois    .         Spirit   .   b - +0 hat
rElec    .         Reflect  .   (no cloak)
rCorr    .         Harm     .   (gloves unavailable)
MR       .....                  (boots unavailable)
Stlth    +++.......             (no amulet)
HPRegen  0.07/turn              (no ring)
MPRegen  0.13/turn              (no ring)

@: very quick
A: very small, unfitting armour, see invisible, herbivore, speed 3, slow
metabolism 2
a: no special abilities


You were on level 3 of the Dungeon.
You were hungry.

You visited 1 branch of the dungeon, and saw 3 of its levels.

You collected 117 gold pieces.

Inventory:

Hand Weapons
 j - a +1 dagger of speed
 p - a +1 dagger of electrocution (weapon)
Missiles
 k - 94 stones
 l - 71 arrows
 q - 14 poisoned darts (quivered)
Armour
 a - a +0 robe (worn)
 b - a +0 hat (worn)
Jewellery
 s - an uncursed ring of magical power {unknown}
Scrolls
 c - a scroll of enchant armour {unknown}
 e - a scroll of enchant weapon {unknown}
 g - a scroll of teleportation {unknown}
 h - 2 scrolls of remove curse {unknown}
 i - 3 scrolls of identify {unknown}
 m - a scroll of fear {unknown}
 n - a scroll of immolation {unknown}
 o - a scroll of magic mapping {unknown}
 t - a scroll of blinking {unknown}
Potions
 f - a potion of lignification {unknown}
 r - 2 potions of flight {unknown}
Comestibles
 d - 7 rations


   Skills:
 + Level 4.5 Dodging
 + Level 4.8 Stealth
 + Level 5.0 Spellcasting
 + Level 1.7 Conjurations
   Level 0.7 Summonings
   Level 1.5 Translocations


You had 12 spell levels left.
You knew the following spells:

 Your Spells              Type           Power        Failure   Level  Hunger
a - Magic Dart            Conj           ##..         5%          1    None

Your spell library contained the following spells:

 Spells                   Type           Power        Failure   Level  Hunger
 Blink                    Tloc           N/A          10%         2    None
 Call Imp                 Summ           #.......     13%         2    None
 Slow                     Hex            #.......     17%         2    None
 Conjure Flame            Conj/Fire      #.......     24%         3    ##.....
 Mephitic Cloud           Conj/Pois/Air  #.......     26%         3    ##.....


Dungeon Overview and Level Annotations

Branches:
Dungeon (3/15)

Altars:
Elyvilon
Nemelex Xobeh
Zin


Innate Abilities, Weirdness & Mutations

You are very small and have problems with some larger weapons.
You are too small for most types of armour.
You have supernaturally acute eyesight. (SInv)
You are a herbivore.
You cover ground extremely quickly.
You need to consume almost no food.


Message History

Pain shoots through your body!
Ouch! That really hurt!
Casting: Magic Dart (safe; 5% risk of failure)
Confirm with . or Enter, or press ? or * to list all spells.
Aiming: Magic Dart (safe; 5% risk of failure)
Press: ? - help, Shift-Dir - straight line, f/p - orc priest
Aim: an orc priest, wielding a +0 club (moderately wounded, poisoned)
The magic dart hits the orc priest.
The orc priest is heavily wounded.
Casting: Magic Dart (safe; 5% risk of failure)
Confirm with . or Enter, or press ? or * to list all spells.
Aiming: Magic Dart (safe; 5% risk of failure)
Press: ? - help, Shift-Dir - straight line, f/p - orc priest
Aim: an orc priest, wielding a +0 club (severely wounded, poisoned)
The magic dart hits the orc priest.
The orc priest is severely wounded.
The orc priest calls down the wrath of Beogh upon you.
Pain shoots through your body!
Ouch! That really hurt!
You die...

... .# #####..#. ##
...(.... . ....... [
.. #....# .#
...#....##.## #
...#...†....#..
......[@......#
....####o...##.##.#
.....#..o.......#
.....(((.....##.# #
......#.##....##.##.#
.....................
.[..............##.#
#.#.#...............#
#............)......#


You could see an orc priest and an orc wizard (invisible).

Vanquished Creatures
  A hound zombie (D:3)
  5 adders
  3 worms (D:2)
  4 orcs (D:3)
  A giant cockroach (D:2)
  10 goblins
  5 hobgoblins
  8 jackals
  2 quokkas
  A ball python (D:1)
  3 bats
  4 frilled lizards
  7 kobolds
  8 rats
62 creatures vanquished.

Notes
Turn   | Place    | Note
-------+----------+-------------------------------------------
     0 | D:1      | Descartes the Spriggan Wizard began the quest for the Orb.
     0 | D:1      | Reached XP level 1. HP: 9/9 MP: 6/6
   695 | D:1      | Reached XP level 2. HP: 13/13 MP: 0/8
   818 | D:1      | Reached skill level 1 in Conjurations
  1596 | D:2      | Reached XP level 3. HP: 16/16 MP: 7/9
  2082 | D:2      | Found a glowing silver altar of Zin.
  2529 | D:2      | Found a sparkling altar of Nemelex Xobeh.
  2707 | D:1      | Reached XP level 4. HP: 2/21 MP: 6/11
  2711 | D:1      | HP: 1/21 [poisoned by an adder]
  3341 | D:2      | Found a white marble altar of Elyvilon.
  4032 | D:3      | Reached skill level 5 in Spellcasting
  4063 | D:3      | Killed from afar by an orc priest

Levels and vault maps discovered:
D:1:      onia_arrival_handbag, layout_loops_ring
D:2:      layout_loops_ring, elyvilon_altar_3, zin_statuary,
          nemelex_xobeh_ov_fountains_minmay, first_ration,
          hangedman_abyss_or_decor_stabs, minmay_close_crescents
D:3:      layout_basic, vehumet_crystals, minmay_starry_boxes

Skill      XL: |  1  2  3  4 |
---------------+-------------+-----
Conjurations   | 1 |  1.7
Stealth        | 4 |  4.8
Dodging        | 4 |  4.5
Spellcasting   | 5 |  5.0
Summonings     | |  0.7
Translocations | |  1.5

Action                   |  1- 3 |  4- 6 || total
-------------------------+-------+-------++-------
Melee: Unarmed           |     1 |       ||     1
       Dagger            |    22 |    34 ||    56
Throw: Dart              |       |     5 ||     5
 Cast: Magic Dart        |   128 |    71 ||   199
  Use: Potion            |       |     1 ||     1
 Stab: Sleeping          |     1 |     1 ||     2
Armor: Robe              |    12 |     2 ||    14
Dodge: Dodged            |    90 |    31 ||   121
